[Event "Team 45 45 League T54"]
[Site "Internet Chess Club"]
[Date "2012.09.08"]
[Round "4"]
[White "kabindra"]
[Black "WillC"]
[Result "1-0"]
[WhiteElo "1881"]
[BlackElo "1785"]
[Opening "Sicilian defense"]
[ECO "B32"]
[Time "11:02:12"]
[TimeControl "2700+45"]

1. e4 c5 2. Nf3 Nc6 3. d4 cxd4 4. Nxd4 a6 5. Bc4 e6 6. O-O Nf6 7. Nc3 Be7 8.
Nxc6 bxc6 9. e5 Nd5 10. Ne4 Qc7 11. f4 d6 12. Qg4 O-O 13. Qg3 f5 14. exf6 Nxf6
15. Ng5 d5 16. Bd3 Bd7 17. Qh3 h6 18. Nxe6 Qc8 19. f5 Re8 20. Qg3 Bxe6 21. fxe6
Qxe6 22. Bf5 Bc5+ 23. Kh1 Qe2 24. Bxh6 Re7 25. Bd3 Qg4 26. Bf4 Qxg3 27. Bxg3 Ne4
28. Bh4 g5 29. Bxe4 gxh4 30. Bf5 Rf8 31. h3 Bd6 32. Bd3 a5 33. a3 c5 34. c3 c4
35. Bf5 Kg7 36. Bg4 Bg3 37. Rxf8 Kxf8 38. Bf3 Rb7 39. Rb1 Rb5 40. a4 Rc5 41. Rd1
d4 42. Rxd4 Bf2 43. Rd5 Rc8 44. Bg4 Rc7 45. Rf5+ Rf7 46. Rxf7+ Kxf7 47. Be2 Ke6
48. Bxc4+ Kd6 49. b4 axb4 50. cxb4 Kc6 51. Kh2 Kb6 52. g4 hxg3+ 53. Kg2 Be1 54.
b5 Bf2 55. h4 Ka5 56. Bb3 Kb4 57. Bd1 Ka5 58. h5 {Black resigns} 1-0

[Event "Team 45 45 League T54"]
[Site "Internet Chess Club"]
[Date "2012.09.08"]
[Round "4"]
[White "Packerfan"]
[Black "subterfuge"]
[Result "0-1"]
[WhiteElo "1844"]
[BlackElo "1759"]
[Opening "Caro-Kann: Panov-Botvinnik attack, 5...e6"]
[ECO "B14"]
[Time "20:30:39"]
[TimeControl "2700+45"]

1. e4 c6 2. d4 d5 3. exd5 cxd5 4. c4 Nf6 5. Nc3 e6 6. Nf3 Bb4 7. a3 Bxc3+ 8.
bxc3 O-O 9. Bd3 dxc4 10. Bxc4 Qc7 11. Qd3 b6 12. O-O Bb7 13. Ne5 Nbd7 14. Re1
Nd5 15. Bd2 Rac8 16. Bxd5 Bxd5 17. Rac1 Nxe5 18. Rxe5 Rfd8 19. Rh5 f5 20. Rh3
Be4 21. Qe2 Rd7 22. Be3 Qc4 23. Qxc4 Rxc4 24. Bf4 Ra4 25. Ra1 Rd8 26. Re3 Rc8
27. h4 Bd5 28. Be5 b5 29. f4 Rc6 30. Rg3 g6 31. h5 Kf7 32. hxg6+ hxg6 33. Rh3
Ke8 34. Rh8+ Kd7 35. Rh7+ Kc8 36. Rh8+ Kb7 37. Rh7+ Kb6 38. Rh3 Rac4 39. Rc1 Ka5
40. Bf6 Ka4 41. Be7 Rxd4 42. cxd4 Rxc1+ 43. Kh2 a5 44. Rh8 Rc2 45. Kh3 Bxg2+ 46.
Kh4 Bd5 47. Kg5 Rc4 48. Bc5 b4 49. axb4 axb4 50. Rb8 Kb3 51. Kxg6 Kc3 52. Kf6 b3
53. Ba3 Kc2 54. Ke5 Rc3 55. Bb4 b2 56. Bxc3 Kxc3 57. Rc8+ Bc4 58. Rb8 Kc2 59.
Kd6 b1=Q 60. Rxb1 Kxb1 61. Kc5 Bd5 62. Kb4 Kc2 {White resigns} 0-1

[Event "Team 45 45 League T54"]
[Site "Internet Chess Club"]
[Date "2012.09.05"]
[Round "4"]
[White "RD1974"]
[Black "moomaster"]
[Result "0-1"]
[WhiteElo "1646"]
[BlackElo "1742"]
[Opening "French: King's Indian attack"]
[ECO "C00"]
[Time "17:35:00"]
[TimeControl "2700+45"]

1. e4 e6 2. d3 d5 3. Nd2 Nf6 4. Ngf3 c5 5. g3 Nc6 6. Bg2 Bd6 7. O-O O-O 8. Re1
Qc7 9. c3 Rd8 10. Qe2 Be7 11. e5 Nd7 12. Nf1 b5 13. h4 b4 14. N1h2 bxc3 15. bxc3
Ba6 16. h5 Qa5 17. Qc2 d4 18. Bd2 dxc3 19. Bxc3 Nb4 20. Qd2 Qa3 21. Ng5 Bxg5 22.
Qxg5 Qxc3 23. Ng4 Bxd3 24. h6 Bg6 25. Bxa8 Rxa8 26. hxg7 Nd3 27. Nh6+ Kxg7 28.
Red1 N7xe5 29. Kg2 Qd4 30. Rf1 f6 31. Qd2 Be4+ 32. f3 Nxf3 33. Rxf3 Bxf3+ 34.
Kxf3 Ne5+ 35. Ke2 Qxa1 36. Ng4 Nxg4 37. Qd7+ Kg6 38. Qd3+ f5 {White resigns} 0-1

[Event "Team 45 45 League T54"]
[Site "Internet Chess Club"]
[Date "2012.09.08"]
[Round "4"]
[White "Pason"]
[Black "Greedy-Reedy"]
[Result "0-1"]
[WhiteElo "2057"]
[BlackElo "1987"]
[Opening "King's Indian, 3.Nf3"]
[ECO "E60"]
[Time "10:01:14"]
[TimeControl "2700+45"]

1. d4 Nf6 2. Nf3 g6 3. c4 c5 4. d5 b5 5. cxb5 a6 6. bxa6 Bxa6 7. Nc3 d6 8. e3
Bxf1 9. Kxf1 Bg7 10. g3 Nbd7 11. Kg2 O-O 12. Qe2 Qa5 13. Bd2 Rfb8 14. Rhb1 Ne8
15. Nd1 Qa4 16. Bc3 Nef6 17. Qd3 Nb6 18. Bxf6 Bxf6 19. Nc3 Qa5 20. e4 Na4 21. e5
dxe5 22. Ne4 Bg7 23. Qc3 {White resigns} 0-1

[Event "Team 45 45 League T54"]
[Site "Internet Chess Club"]
[Date "2012.09.06"]
[Round "4"]
[White "zap2"]
[Black "mitus"]
[Result "1-0"]
[WhiteElo "1723"]
[BlackElo "1779"]
[Opening "Réti: King's Indian attack, Yugoslav variation"]
[ECO "A05"]
[Time "15:03:43"]
[TimeControl "2700+45"]

1. Nf3 Nf6 2. g3 d5 3. Bg2 c6 4. O-O Bg4 5. h3 Bh5 6. d3 Nbd7 7. Nbd2 e5 8. e4
dxe4 9. dxe4 Qc7 10. a4 O-O-O 11. Qe2 g5 12. g4 Bg6 13. Nxg5 h5 14. f3 Bc5+ 15.
Kh2 Nh7 16. Nc4 Be7 17. Nxh7 Rxh7 18. Be3 Bc5 19. Rfd1 hxg4 20. fxg4 f6 21. Rxd7
Qxd7 22. Bxc5 Kb8 23. a5 Bf7 24. Nd6 Be6 25. Kg1 Qc7 26. Nf5 Rdh8 27. Qe3 a6 28.
Bd6 {Black resigns} 1-0

[Event "Team 45 45 League T54"]
[Site "Internet Chess Club"]
[Date "2012.09.09"]
[Round "4"]
[White "KingOfKings"]
[Black "ScotchYeti"]
[Result "0-1"]
[WhiteElo "1535"]
[BlackElo "1657"]
[Opening "Sicilian: Kan, 5.Nc3"]
[ECO "B43"]
[Time "15:31:24"]
[TimeControl "2700+45"]

1. e4 c5 2. Nf3 e6 3. d4 cxd4 4. Nxd4 a6 5. Nc3 Qc7 6. Be2 Nf6 7. O-O Be7 8. Re1
d6 9. h3 b5 10. a3 Bb7 11. Bf3 Nbd7 12. Be3 O-O 13. Nb3 Rac8 14. Qd2 Rfd8 15.
Rad1 Ne5 16. Nd4 Nc4 17. Qc1 Nxb2 18. Ncxb5 axb5 19. Qxb2 Bxe4 20. Bxe4 Nxe4 21.
Nxb5 Qb8 22. a4 Nc3 23. Rd3 Nxa4 24. Qb3 Nc5 25. Bxc5 Rxc5 26. Rb1 d5 27. Qa4
Qa8 28. Qd4 Rxc2 29. Na3 Bc5 30. Nxc2 Bxd4 31. Nxd4 Rb8 32. Rbd1 Rb2 33. Nf3 Qa7
34. Rf1 h6 35. Rdd1 Qb6 36. Nd2 f6 37. Rfe1 Kf7 38. g3 e5 39. Kg2 e4 40. Re3 Qd4
41. Re2 Qd3 42. Re3 Qd4 43. Re2 f5 44. h4 Rc2 45. Kf1 g5 46. hxg5 hxg5 47. Ree1
Rxd2 {White resigns} 0-1

[Event "Team 45 45 League T54"]
[Site "Internet Chess Club"]
[Date "2012.09.10"]
[Round "4"]
[White "PaulRichard"]
[Black "hcube"]
[Result "0-1"]
[WhiteElo "1501"]
[BlackElo "1716"]
[Opening "Sicilian: Kan, 5.Bd3"]
[ECO "B42"]
[Time "20:00:24"]
[TimeControl "2700+45"]

1. e4 c5 2. Nf3 e6 3. d4 cxd4 4. Nxd4 a6 5. Bd3 Qc7 6. O-O Nf6 7. Nc3 d6 8. Be3
Nbd7 9. Nb3 Be7 10. f4 b5 11. a3 Bb7 12. Qe1 O-O 13. Qg3 Nc5 14. Nxc5 dxc5 15.
e5 Nd5 16. Nxd5 Bxd5 17. f5 f6 18. Bh6 Bd8 19. Bf4 Qa7 20. Kh1 c4 21. Be2 exf5
22. exf6 Bxf6 23. c3 Qb7 24. Bf3 Rad8 25. Bxd5+ Qxd5 26. Qf3 Qxf3 27. Rxf3 Rfe8
28. Rf2 Kf7 29. Kg1 g6 30. Kf1 Rd3 31. Rd2 Red8 32. Rxd3 Rxd3 33. Ke2 g5 34. Bc7
f4 35. a4 b4 36. Ba5 bxc3 37. bxc3 Bxc3 38. Bxc3 Rxc3 39. Kd2 Rd3+ 40. Kc2 Ke6
41. Rb1 Ke5 42. Rb6 Rd6 43. Rb7 h5 44. Rh7 h4 45. Rg7 Kf5 46. Rc7 Re6 47. Kd2
Rb6 48. Kc3 Rb1 49. Rc5+ Kg4 50. Ra5 Rg1 51. Rxa6 Rxg2 52. a5 f3 53. Rf6 Ra2 54.
a6 f2 55. Kxc4 Kh3 56. Rf7 Kg2 57. a7 f1=Q+ {White resigns} 0-1

[Event "Team 45 45 League T54"]
[Site "Internet Chess Club"]
[Date "2012.09.06"]
[Round "4"]
[White "mmf00"]
[Black "JustinL"]
[Result "1-0"]
[WhiteElo "2059"]
[BlackElo "1812"]
[Opening "Pirc: classical, h3 system"]
[ECO "B06"]
[Time "17:00:56"]
[TimeControl "2700+45"]

1. e4 g6 2. d4 Bg7 3. Nf3 d6 4. Nc3 Nf6 5. h3 O-O 6. Bd3 c5 7. d5 e6 8. O-O exd5
9. exd5 Nbd7 10. Be2 Ne5 11. Bf4 Re8 12. Re1 h5 13. a4 a6 14. a5 Bf5 15. Nxe5
dxe5 16. Be3 Qd6 17. g4 hxg4 18. hxg4 Bd7 19. g5 Nh7 20. Ne4 Qc7 21. Qd2 Bf8 22.
d6 Qc6 23. Bf3 Qb5 24. Bxc5 Rac8 25. b4 Bg7 26. Rad1 Qc4 27. Kg2 f5 28. gxf6
Nxf6 29. Nxf6+ Bxf6 30. Bd5+ {Black resigns} 1-0

[Event "Team 45 45 League T54"]
[Site "Internet Chess Club"]
[Date "2012.09.08"]
[Round "4"]
[White "bayoumicardio10"]
[Black "Mymas"]
[Result "0-1"]
[WhiteElo "1611"]
[BlackElo "1697"]
[Opening "Sicilian: closed"]
[ECO "B23"]
[Time "20:00:53"]
[TimeControl "2700+45"]

1. e4 c5 2. Nc3 e6 3. f4 Nc6 4. Nf3 d5 5. Bb5 Ne7 6. O-O a6 7. Bxc6+ Nxc6 8. d3
Be7 9. a3 b5 10. e5 Bb7 11. Qe1 Qb6 12. Ng5 Nd4 13. Qf2 h6 14. Nf3 Nxf3+ 15.
Qxf3 c4+ 16. Qf2 Bc5 {White resigns} 0-1

[Event "Team 45 45 League T54"]
[Site "Internet Chess Club"]
[Date "2012.09.08"]
[Round "4"]
[White "rook9999"]
[Black "b-spot"]
[Result "1-0"]
[WhiteElo "1893"]
[BlackElo "1674"]
[Opening "Sicilian: Canal-Sokolsky attack, 3...Bd7"]
[ECO "B52"]
[Time "18:04:09"]
[TimeControl "2700+45"]

1. e4 c5 2. Nf3 d6 3. Bb5+ Bd7 4. Bxd7+ Qxd7 5. d4 cxd4 6. Nxd4 Nf6 7. Nc3 a6 8.
Bg5 e6 9. Bxf6 gxf6 10. Qf3 Be7 11. O-O-O Nc6 12. Nxc6 Qxc6 13. Kb1 h5 14. Rhe1
Rc8 15. Rd2 b5 16. a3 Rg8 17. Nd5 exd5 18. exd5 Qb7 19. Qxh5 Rg5 20. Qh8+ Kd7
21. Qh3+ Kd8 22. f4 Rxd5 23. Qf3 Rxd2 24. Qxb7 Rcxc2 25. Qxe7+ Kc8 26. Qe8+ Kb7
27. Qe4+ {Black resigns} 1-0

[Event "Team 45 45 League T54"]
[Site "Internet Chess Club"]
[Date "2012.09.08"]
[Round "4"]
[White "Hal2001"]
[Black "Nikhil03"]
[Result "0-1"]
[WhiteElo "1615"]
[BlackElo "1673"]
[Opening "Sicilian: closed"]
[ECO "B23"]
[Time "10:02:09"]
[TimeControl "2700+45"]

1. e4 c5 2. Nc3 g6 3. f4 Bg7 4. Nf3 a6 5. g3 b5 6. a3 Bb7 7. d3 e6 8. Bg2 Ne7 9.
O-O Nbc6 10. Rb1 Nd4 11. Be3 Nec6 12. Ne2 O-O 13. c3 Nxf3+ 14. Bxf3 d6 15. d4 c4
16. Qe1 d5 17. g4 f5 18. e5 Ne7 19. Qh4 fxg4 20. Bxg4 Nf5 21. Qxd8 Raxd8 22.
Bxf5 Rxf5 23. Ng3 Rf7 24. h4 Rdf8 25. Rf2 Bh6 26. Rbf1 Bc6 27. h5 Be8 28. hxg6
hxg6 29. Ne2 Rf5 30. Ng3 R5f7 31. Ne2 Kg7 32. Kg2 Rh8 33. Rh1 Kg8 34. Kf1 Rfh7
35. Rfh2 Kg7 36. Kf2 Rf8 37. Kg3 Rf5 38. Kg4 Rh5 39. Ng3 Rxh2 40. Rxh2 Rh8 41.
Bd2 Bf7 42. Ne2 Be8 43. Be1 Rf8 44. Bh4 Rf5 45. Bf6+ Kh7 46. Rf2 g5 47. Ng3
Rxf4+ 48. Rxf4 gxf4 49. Ne2 f3 50. Kxf3 Bh5+ 51. Kf2 Bxe2 52. Kxe2 Bc1 53. Kd1
Bxb2 54. Kc2 Bxa3 55. Bd8 Kg6 56. Ba5 Kf5 57. Kd2 Ke4 58. Ke2 b4 59. Kd2 b3 60.
Bd8 Bb2 61. Ba5 Ba1 62. Bb4 Bb2 63. Ba5 Ba3 64. Bd8 Bf8 65. Kc1 Kd3 66. Ba5 Ba3+
67. Kb1 b2 68. Bb4 Bxb4 69. cxb4 Kxd4 {White resigns} 0-1

[Event "Team 45 45 League T54"]
[Site "Internet Chess Club"]
[Date "2012.09.09"]
[Round "4"]
[White "Sir-Sinister"]
[Black "primerpaso"]
[Result "0-1"]
[WhiteElo "2005"]
[BlackElo "1934"]
[Opening "Sicilian: closed"]
[ECO "B24"]
[Time "18:01:13"]
[TimeControl "2700+45"]

1. e4 c5 2. Nc3 Nc6 3. g3 g6 4. Bg2 Bg7 5. d3 e6 6. Be3 Qa5 7. Ne2 Nd4 8. Bd2
Ne7 9. Nxd4 cxd4 10. Ne2 Qd8 11. O-O d5 12. c3 dxc3 13. Bxc3 O-O 14. Bxg7 Kxg7
15. Rc1 dxe4 16. Bxe4 Qb6 17. Qc2 Nd5 18. Bxd5 exd5 19. Nf4 Rd8 20. Qc7 Bf5 21.
Rfe1 Qxb2 22. Rb1 Qf6 23. Rxb7 Rd7 24. Qxd7 Bxd7 25. Rxd7 Qf5 26. Ree7 Rc8 27.
Rxa7 g5 28. Rxf7+ Qxf7 29. Ne6+ Kf6 30. Rxf7+ Kxf7 31. Nxg5+ Ke7 32. Nxh7 Rc3
33. d4 Rd3 34. h4 Rxd4 35. Ng5 Ra4 36. h5 Kf6 37. f4 Rxa2 38. g4 d4 39. Ne4+ Kg7
40. Nc5 Kh6 41. Kf1 Rh2 42. Ne4 d3 43. Ke1 Re2+ 44. Kd1 Rxe4 45. Kd2 Rxf4 {White
resigns} 0-1

[Event "Team 45 45 League T54"]
[Site "Internet Chess Club"]
[Date "2012.09.09"]
[Round "4"]
[White "frank001"]
[Black "MeoPatacca"]
[Result "0-1"]
[WhiteElo "1750"]
[BlackElo "1844"]
[Opening "Queen's pawn game"]
[ECO "D00"]
[Time "01:47:47"]
[TimeControl "2700+45"]

1. d4 d5 2. e3 c6 3. Bd3 Nf6 4. Nd2 Qc7 5. f4 Bg4 6. Ngf3 e6 7. O-O Nbd7 8. c3
Be7 9. h3 Bh5 10. Qe1 Bg6 11. Qe2 Bxd3 12. Qxd3 c5 13. Ne5 O-O 14. g4 Nxe5 15.
fxe5 Nd7 16. Nf3 f6 17. Kg2 fxe5 18. dxe5 Nxe5 19. Nxe5 Qxe5 20. Bd2 Bh4 21. Be1
Rxf1 22. Kxf1 Qh2 23. Bxh4 Rf8+ 24. Ke1 Qg1+ 25. Kd2 Qxa1 26. Kc2 Qf1 {White
resigns} 0-1

[Event "Team 45 45 League T54"]
[Site "Internet Chess Club"]
[Date "2012.09.07"]
[Round "4"]
[White "Portola"]
[Black "Gilguli"]
[Result "1-0"]
[WhiteElo "1673"]
[BlackElo "1467"]
[Opening "Queen's pawn game, Chigorin variation"]
[ECO "D02"]
[Time "09:01:52"]
[TimeControl "2700+45"]

1. d4 d5 2. Nf3 Nc6 3. Bf4 Bf5 4. c3 h6 5. e3 Nf6 6. h3 g5 7. Bh2 h5 8. Nxg5 Nh7
9. Qxh5 Bg6 10. Qg4 Nxg5 11. Qxg5 Bh6 12. Qg3 Kd7 13. Nd2 Rg8 14. Qf3 f6 15.
Qxd5+ Kc8 16. Qe6+ Kb8 17. Nb3 a6 18. Nc5 Qe8 19. Qb3 b5 20. Nxa6+ Rxa6 21.
Qxb5+ Rb6 22. Qxb6+ {Black resigns} 1-0

[Event "Team 45 45 League T54"]
[Site "Internet Chess Club"]
[Date "2012.09.07"]
[Round "4"]
[White "alexping"]
[Black "DarkFlow"]
[Result "1-0"]
[WhiteElo "1880"]
[BlackElo "1895"]
[Opening "Budapest: Adler variation"]
[ECO "A52"]
[Time "11:32:59"]
[TimeControl "2700+45"]

1. d4 Nf6 2. c4 e5 3. dxe5 Ng4 4. Nf3 Bc5 5. e3 Nc6 6. Be2 O-O 7. a3 a5 8. Nc3
Ngxe5 9. O-O Re8 10. Qc2 Nxf3+ 11. Bxf3 Ne5 12. Be4 Kh8 13. b3 Ra6 14. Na4 Ba7
15. Bb2 Rh6 16. Bxe5 Rxe5 17. g3 d6 18. Rfd1 Qe7 19. Bg2 Bf5 20. Qc3 Be4 21. c5
d5 22. Bxe4 Rxe4 23. Rxd5 {Black resigns} 1-0

[Event "Team 45 45 League T54"]
[Site "Internet Chess Club"]
[Date "2012.09.05"]
[Round "4"]
[White "Moondog"]
[Black "bshribharath"]
[Result "0-1"]
[WhiteElo "1746"]
[BlackElo "1841"]
[Opening "Alekhine's defense: modern, Larsen variation"]
[ECO "B04"]
[Time "19:08:40"]
[TimeControl "2700+45"]

1. e4 Nf6 2. e5 Nd5 3. d4 d6 4. Nf3 dxe5 5. Nxe5 c6 6. Bd3 Nd7 7. Nxd7 Bxd7 8.
c4 Nb4 9. O-O Nxd3 10. Qxd3 g6 11. Bf4 Bf5 12. Qe3 Bg7 13. Be5 O-O 14. Bxg7 Kxg7
15. Nc3 Be6 16. d5 cxd5 17. cxd5 Bf5 18. Rac1 Qb6 19. Qxb6 axb6 20. Rfe1 Kf6 21.
a3 Rfd8 22. Red1 Ra5 23. h3 e5 24. g4 Bd7 25. Ne4+ Kg7 26. Rc7 Ba4 27. Rd2 Raxd5
28. Rxd5 Rxd5 29. Nc3 Rd7 30. Rxd7 Bxd7 31. Nd5 b5 32. Kf1 h5 33. f3 Bc6 34. Nc3
Bxf3 35. gxh5 b4 36. axb4 Bxh5 37. Kf2 f5 38. Ke3 g5 39. Nb5 Kf6 40. Nd6 f4+ 41.
Kf2 Ke6 42. Nxb7 e4 {White resigns} 0-1

[Event "Team 45 45 League T54"]
[Site "Internet Chess Club"]
[Date "2012.09.07"]
[Round "4"]
[White "MontanaSky"]
[Black "ghostfire"]
[Result "1/2-1/2"]
[WhiteElo "1706"]
[BlackElo "1784"]
[Opening "Sicilian: Najdorf, Lipnitzky attack"]
[ECO "B86"]
[Time "20:00:49"]
[TimeControl "2700+45"]

1. e4 c5 2. Nf3 d6 3. d4 cxd4 4. Nxd4 a6 5. Nc3 Nf6 6. Bc4 e6 7. Bb3 Be7 8. O-O
O-O 9. Qf3 Nc6 10. Nxc6 bxc6 11. Qg3 e5 12. Bg5 Nh5 13. Bxe7 Nxg3 14. Bxd8 Nxf1
15. Bg5 h6 16. Bc1 Nxh2 17. Kxh2 Kh8 18. Be3 f5 19. f3 f4 20. Bb6 Bb7 21. Rd1 d5
22. exd5 cxd5 23. Bxd5 Bxd5 24. Nxd5 Rac8 25. Ne7 Rxc2 26. Ng6+ Kg8 27. Nxf8
Kxf8 28. a4 g5 29. Re1 g4 30. Rxe5 gxf3 31. Rf5+ Ke8 32. Rxf4 Rxg2+ 33. Kh3 Rxb2
34. a5 Rb3 35. Kg3 Ke7 36. Rxf3 Rxf3+ 37. Kxf3 Kf6 38. Kg4 Kg6 39. Kf4 Kf6 40.
Bd8+ Ke6 41. Kg4 Kf7 42. Kh5 Ke8 43. Bb6 Kd7 44. Kxh6 Ke6 45. Kg6 Kd6 46. Kf6
Kd7 47. Ke5 Kc6 48. Ke6 Kb7 49. Kd5 Ka8 50. Kc6 Kb8 51. Bc5 Ka8 52. Kb6 Kb8 53.
Kxa6 Ka8 54. Kb6 Kb8 55. a6 Ka8 56. Ka5 Kb8 57. Be7 Ka8 58. Kb6 Kb8 59. Bc5 Ka8
60. Kc6 Kb8 61. Kd7 Ka8 62. a7 Kb7 {Game drawn by mutual agreement} 1/2-1/2

[Event "Team 45 45 League T54"]
[Site "Internet Chess Club"]
[Date "2012.09.09"]
[Round "4"]
[White "Egmont"]
[Black "rubo"]
[Result "1/2-1/2"]
[WhiteElo "1759"]
[BlackElo "1666"]
[Opening "Queen's pawn: London system"]
[ECO "A45"]
[Time "12:00:24"]
[TimeControl "2700+45"]

1. d4 Nf6 2. Bf4 g6 3. e3 Bg7 4. Be2 c5 5. c3 cxd4 6. exd4 O-O 7. Nf3 d6 8. O-O
Nbd7 9. Qb3 Qb6 10. Nbd2 Qxb3 11. axb3 b6 12. Ba6 Bxa6 13. Rxa6 Nd5 14. Bg3 Nc7
15. Ra4 b5 16. Ra5 a6 17. Re1 Rfe8 18. Nf1 e5 19. dxe5 Nxe5 20. Nd4 Bf8 21. Bxe5
Rxe5 22. Rea1 Rae8 23. g3 Re1 24. Kg2 Rxa1 25. Rxa1 f6 26. Ne3 Kf7 27. Nec2 d5
28. Nb4 Ra8 29. Nbc6 Bc5 30. b4 Bb6 31. Re1 Re8 32. Rxe8 Kxe8 33. Kf3 Kd7 34.
Ke3 Kd6 35. Kd3 Kd7 36. g4 h6 37. h4 Kd6 38. f4 Kd7 39. g5 hxg5 40. hxg5 fxg5
41. fxg5 Kd6 42. Ke3 Ne6 43. Nb8 Bxd4+ 44. cxd4 Nc7 45. Kf4 Ne6+ 46. Ke3 Nc7 47.
Kf4 {Game drawn by mutual agreement} 1/2-1/2

[Event "Team 45 45 League T54"]
[Site "Internet Chess Club"]
[Date "2012.09.07"]
[Round "4"]
[White "Epcot"]
[Black "kidviper"]
[Result "1-0"]
[WhiteElo "2000"]
[BlackElo "1984"]
[Opening "QGD Slav: 4.e3 Bf5"]
[ECO "D12"]
[Time "12:05:08"]
[TimeControl "2700+45"]

1. d4 d5 2. c4 c6 3. Nf3 Nf6 4. e3 Bf5 5. Nc3 e6 6. Nh4 Bg6 7. Be2 dxc4 8. Bxc4
Bd6 9. O-O O-O 10. Nxg6 hxg6 11. e4 Be7 12. Be3 b5 13. Bd3 a6 14. Rc1 Nbd7 15.
e5 Nd5 16. Nxd5 cxd5 17. Rc6 Nb6 18. b3 Rc8 19. Qc2 Rxc6 20. Qxc6 Qb8 21. Qc3
Rc8 22. Qa5 Qb7 23. g3 Bd8 24. Qd2 Qc6 25. h4 Nd7 26. Qe2 Nb8 27. h5 g5 28. Bb1
Nd7 29. Qg4 f5 30. exf6 gxf6 31. Rc1 Qxc1+ 32. Bxc1 Rxc1+ 33. Kg2 Kf7 34. Bg6+
Ke7 35. h6 Nf8 36. Qh5 Rc7 37. h7 Nxh7 38. Qxh7+ Kd6 39. Qh8 Be7 40. Qb8 e5 41.
dxe5+ fxe5 42. Be8 Bf8 43. Qd8+ Ke6 44. Qxc7 Be7 45. Qd7+ Kf6 46. Qxd5 b4 47.
Qf7# {Black checkmated} 1-0

[Event "Team 45 45 League T54"]
[Site "Internet Chess Club"]
[Date "2012.09.08"]
[Round "4"]
[White "evan7284"]
[Black "toukon"]
[Result "0-1"]
[WhiteElo "1635"]
[BlackElo "1752"]
[Opening "Torre attack (Tartakower variation)"]
[ECO "D03"]
[Time "09:00:46"]
[TimeControl "2700+45"]

1. d4 d5 2. Nf3 Nf6 3. Bg5 Ne4 4. Bf4 c5 5. e3 Qb6 6. Qc1 Nc6 7. c3 Bg4 8. Be2
e6 9. Qc2 cxd4 10. exd4 Be7 11. Ne5 Bf5 12. Bd3 Rc8 13. Nxc6 Rxc6 14. O-O O-O
15. f3 Nd6 16. Bxd6 Bxd3 17. Qxd3 Bxd6 18. Rf2 Qc7 19. h3 e5 20. dxe5 Bc5 21.
Qxd5 Rd8 22. Qe4 Rd1+ 23. Kh2 Bxf2 {White resigns} 0-1

[Event "Team 45 45 League T54"]
[Site "Internet Chess Club"]
[Date "2012.09.10"]
[Round "4"]
[White "kidcobra"]
[Black "mongmong"]
[Result "1-0"]
[WhiteElo "1752"]
[BlackElo "1628"]
[Opening "French: exchange variation"]
[ECO "C01"]
[Time "17:24:01"]
[TimeControl "2700+45"]

1. e4 e6 2. d4 d5 3. exd5 exd5 4. Nf3 Bg4 5. Nc3 Nf6 6. Bg5 Bb4 7. Qe2+ Qe7 8.
Qxe7+ Kxe7 9. Ne5 Be6 10. Bd2 Bxc3 11. Bxc3 Nfd7 12. Bb4+ Kf6 13. f4 g6 14. h4
Nxe5 15. fxe5+ Kg7 16. Bb5 c6 17. Bd3 h5 18. Be7 Nd7 19. O-O Rhe8 20. Bf6+ Nxf6
21. exf6+ Kf8 22. Rae1 Bg4 23. Re5 Rxe5 24. dxe5 Re8 25. Re1 Rd8 26. Kf2 d4 27.
Rc1 b6 28. c3 dxc3 29. Rxc3 c5 30. Ke3 Rd5 31. Kf4 Rd4+ 32. Ke3 Be6 33. g3 a5
34. b3 Ke8 35. Bb5+ Kd8 36. Rd3 Rxd3+ 37. Kxd3 Kc7 38. Bc4 Bf5+ 39. Ke3 Bb1 40.
e6 {Black resigns} 1-0

[Event "Team 45 45 League T54"]
[Site "Internet Chess Club"]
[Date "2012.09.09"]
[Round "4"]
[White "TerryMalloy"]
[Black "HomerSimpson"]
[Result "0-1"]
[WhiteElo "1981"]
[BlackElo "2131"]
[Opening "Owen defense"]
[ECO "B00"]
[Time "21:01:38"]
[TimeControl "2700+45"]

1. e4 b6 2. d4 Bb7 3. Bd3 Nf6 4. Qe2 Nc6 5. c3 e5 6. Nf3 exd4 7. e5 Nd5 8. Be4
Nde7 9. cxd4 d5 10. exd6 Qxd6 11. O-O O-O-O 12. Nc3 a6 13. Be3 f5 14. Bxc6 Nxc6
15. d5 Ne5 16. Rfd1 Nxf3+ 17. Qxf3 Qd7 18. Rac1 Bb4 19. Qf4 Bd6 20. Qc4 Kb8 21.
a4 Rhf8 22. a5 f4 23. Bd4 b5 24. Qb3 f3 25. Be3 Qg4 {White resigns} 0-1

[Event "Team 45 45 League T54"]
[Site "Internet Chess Club"]
[Date "2012.09.09"]
[Round "4"]
[White "IshanR"]
[Black "JeremyWa"]
[Result "1-0"]
[WhiteElo "1871"]
[BlackElo "1706"]
[Opening "Sicilian: Alapin's variation (2.c3)"]
[ECO "B22"]
[Time "10:27:29"]
[TimeControl "2700+45"]

1. e4 c5 2. c3 d5 3. exd5 Qxd5 4. d4 Nf6 5. Nf3 Bg4 6. Be2 e6 7. Be3 Nbd7 8. O-O
Bd6 9. c4 Qc6 10. Nc3 cxd4 11. Nxd4 Bxe2 12. Qxe2 Qc8 13. Rad1 Be7 14. Bf4 Qc5
15. Rfe1 O-O-O 16. a3 a6 17. b4 Qh5 18. Qe3 e5 19. Bg3 Rhe8 20. Nf3 Ng4 21. Qa7
f6 22. h3 Nh6 23. Qa8+ Nb8 24. Nd5 Bd6 25. c5 Bc7 26. Nxc7 Rxd1 27. Rxd1 Kxc7
28. Qa7 Nc6 29. Qb6+ Kc8 30. Rd6 Nf5 31. Rxc6+ bxc6 32. Qxc6+ Kd8 33. Qxa6 Qf7
34. c6 Qc7 35. Qd3+ Kc8 36. Qxf5+ Kb8 {Black resigns} 1-0

[Event "Team 45 45 League T54"]
[Site "Internet Chess Club"]
[Date "2012.09.08"]
[Round "4"]
[White "Buford-Julep"]
[Black "tightfist"]
[Result "1-0"]
[WhiteElo "1613"]
[BlackElo "1476"]
[Opening "French: Rubinstein variation"]
[ECO "C10"]
[Time "20:00:37"]
[TimeControl "2700+45"]

1. e4 e6 2. d4 d5 3. Nc3 dxe4 4. Nxe4 Nd7 5. Nf3 Ngf6 6. Nxf6+ Nxf6 7. Bd3 c5 8.
Be3 cxd4 9. Nxd4 Be7 10. Qe2 Bd7 11. O-O-O a6 12. Kb1 O-O 13. Qf3 b5 14. Nc6 Qe8
15. Nxe7+ Qxe7 16. Bg5 Rfd8 17. Be4 Ra7 18. Be3 Nxe4 19. Bxa7 Bc6 20. Rxd8+ Qxd8
21. Rd1 Qc7 22. Qd3 Bd5 23. f3 Nc5 24. Bxc5 Qxc5 25. Qd4 Qc7 26. g3 h6 27. Rd3
Qb7 28. Qe3 Qc6 29. Rc3 Bc4 30. b3 Qd5 31. bxc4 bxc4 32. Qe4 Qb5+ 33. Ka1 Qg5
34. f4 Qh5 35. Rxc4 Qd1+ 36. Kb2 Qd8 37. Qd3 Qb6+ 38. Qb3 Qd6 39. Rc8+ Kh7 40.
Qd3+ Qxd3 41. cxd3 Kg6 42. Ra8 h5 43. Rxa6 Kf5 44. Ra7 Kf6 45. a4 g6 46. a5
{Black resigns} 1-0

[Event "Team 45 45 League T54"]
[Site "Internet Chess Club"]
[Date "2012.09.06"]
[Round "4"]
[White "vollmerj"]
[Black "losscause"]
[Result "1/2-1/2"]
[WhiteElo "1759"]
[BlackElo "1652"]
[Opening "KP: Nimzovich defense"]
[ECO "B00"]
[Time "19:31:10"]
[TimeControl "2700+45"]

1. e4 Nc6 2. Nf3 d6 3. d4 Nf6 4. Nbd2 Bg4 5. Be2 e6 6. c3 Be7 7. O-O O-O 8. Ne1
Bxe2 9. Qxe2 Nd7 10. Nb3 f6 11. Nf3 Qe8 12. Re1 e5 13. Qc4+ Kh8 14. d5 Nb6 15.
Qd3 Nd8 16. Be3 c6 17. Bxb6 axb6 18. a3 cxd5 19. Qxd5 Qc6 20. Red1 Qxd5 21. Rxd5
Ne6 22. g3 Nc5 23. Nxc5 bxc5 24. Rad1 b5 25. Nh4 g6 26. Ng2 Kg7 27. f4 Ra4 28.
fxe5 fxe5 29. Re1 Rf6 30. Re2 h6 31. Ne1 h5 32. Kg2 g5 33. Nf3 Kg6 34. h4 Re6
35. hxg5 Bxg5 36. Nxg5 Kxg5 37. Kf3 Rf6+ 38. Kg2 Kg4 39. Rd3 Ra7 40. Red2 Ra6
41. Rd1 Rb6 42. Rh1 Rb7 43. Rhd1 Rb6 44. Rh1 Rb7 45. Rh4+ Kg5 46. Rd1 Rbf7 47.
Rd2 {Game drawn by mutual agreement} 1/2-1/2